[Event "Team 45 45 League T38"]
[Site "Internet Chess Club"]
[Date "2008.08.19"]
[Round "4"]
[White "theartist"]
[Black "farbror"]
[Result "1-0"]
[WhiteElo "1263"]
[BlackElo "1152"]
[Opening "Robatsch (modern) defense"]
[ECO "A40"]
[Time "12:30:48"]
[TimeControl "2700+45"]

1. d4 g6 2. e4 Bg7 3. Nf3 b6 4. c4 Bb7 5. Nc3 e6 6. Bg5 Ne7 7. Be2 O-O 8. O-O d6
9. Qc2 Nd7 10. Rad1 f6 11. Be3 f5 12. Ng5 Rf6 13. e5 dxe5 14. dxe5 f4 15. exf6
Bxf6 16. Nxe6 Qc8 17. Bxf4 Ne5 18. Rd8+ Qxd8 19. Nxd8 Rxd8 20. Rd1 Rf8 21. Nd5
Nxd5 22. cxd5 Ng4 23. Bxg4 Bxb2 24. Bxc7 Bc8 25. Be6+ Bxe6 26. dxe6 Rc8 27. Rd8+
{Black resigns} 1-0

[Event "Team 45 45 League T38"]
[Site "Internet Chess Club"]
[Date "2008.08.19"]
[Round "4"]
[White "RedSkull"]
[Black "klt713"]
[Result "0-1"]
[WhiteElo "1181"]
[BlackElo "1184"]
[Opening "Nimzovich-Larsen attack: modern variation"]
[ECO "A01"]
[Time "18:59:32"]
[TimeControl "2700+45"]

1. b3 e5 2. Bb2 Nc6 3. e3 d6 4. Nf3 Nf6 5. Be2 Bf5 6. O-O h5 7. d3 Be7 8. Nc3
Qd7 9. Re1 O-O-O 10. e4 Bg6 11. Ng5 Nd4 12. Nf3 Nxe2+ 13. Qxe2 h4 14. Nd5 Bh5
15. Nxf6 Bxf6 16. Qe3 Qe7 17. Qxa7 Qe6 18. Qe3 h3 19. Ng5 Qg4 20. Nxh3 Qh4 21.
Qg3 Qxg3 22. fxg3 Bg4 23. Nf2 Be6 24. h3 Rh7 25. a4 Rdh8 26. g4 Bh4 27. Rf1
Bxf2+ 28. Rxf2 Bxg4 29. Kf1 Bh5 30. Re1 g5 31. Re3 g4 32. Rg3 Rg8 33. hxg4 Bxg4
34. Ke1 Rh1+ 35. Rf1 Rxf1+ 36. Kxf1 Be2+ 37. Kf2 Rxg3 38. Kxg3 Bd1 39. d4 f6 40.
b4 Bxc2 41. dxe5 fxe5 42. a5 Bxe4 43. Bc1 d5 44. Bb2 d4 45. Kf2 Kd7 46. g4 Kd6
47. Bc1 Kd5 48. Ke2 Kc4 49. g5 Kxb4 50. Bd2+ Kb5 51. Kf2 c5 52. Kg3 c4 53. Kg4
c3 54. Bc1 d3 55. Kh5 d2 56. Bxd2 cxd2 57. g6 d1=Q+ {White resigns} 0-1

[Event "Team 45 45 League T38"]
[Site "Internet Chess Club"]
[Date "2008.08.16"]
[Round "4"]
[White "ffplayer"]
[Black "kjs110"]
[Result "0-1"]
[WhiteElo "1192"]
[BlackElo "1153"]
[Opening "King's Indian defense, 3.Nc3"]
[ECO "E61"]
[Time "13:58:22"]
[TimeControl "2700+45"]

1. d4 Nf6 2. c4 g6 3. Nc3 Bg7 4. Nf3 O-O 5. Bg5 h6 6. Bh4 d6 7. e3 Nbd7 8. Bd3
e5 9. d5 g5 10. Nxg5 hxg5 11. Bxg5 Nc5 12. h4 Nxd3+ 13. Qxd3 Qd7 14. O-O-O Re8
15. e4 Ng4 16. Qg3 f6 17. Be3 Nxe3 18. Qxe3 Qg4 19. g3 Qh5 20. Kb1 Bg4 21. Rdf1
Bh6 22. Qe1 Bf3 23. Rhg1 f5 24. exf5 Qxf5+ 25. Ka1 Qd3 26. Qb1 Qxb1+ 27. Kxb1
Bd2 28. Kc2 Bxc3 29. Kxc3 Be2 30. Re1 Bh5 31. g4 Bg6 32. h5 Bf7 33. g5 Bxh5 34.
Rg3 Rf8 35. Rh1 Rf3+ 36. Kb4 Rxg3 37. fxg3 Bf3 38. Rh6 a5+ 39. Kc3 Rf8 40. Kd2
Be4 41. Rf6 Rxf6 42. gxf6 Kf7 43. Ke3 Bb1 44. a3 Ba2 45. g4 Kxf6 46. Ke4 Kg5 47.
b4 Bxc4 48. bxa5 Kxg4 49. a4 Bb3 50. a6 bxa6 51. a5 Bxd5+ 52. Kxd5 Kf4 53. Kc4
e4 {White resigns} 0-1

[Event "Team 45 45 League T38"]
[Site "Internet Chess Club"]
[Date "2008.08.16"]
[Round "4"]
[White "carolinaknight"]
[Black "BosqueVerde"]
[Result "0-1"]
[WhiteElo "1166"]
[BlackElo "1330"]
[Opening "Sicilian: Grand Prix attack"]
[ECO "B21"]
[Time "11:00:42"]
[TimeControl "2700+45"]

1. e4 c5 2. f4 Nc6 3. Bc4 e5 4. d3 Nf6 5. Nf3 h6 6. fxe5 Ng4 7. Nc3 Ngxe5 8. Bb3
Be7 9. O-O O-O 10. Bf4 d6 11. h3 Be6 12. Nd5 Bh4 13. Nxh4 Qxh4 14. Nc7 Rac8 15.
Nxe6 fxe6 16. Bxe6+ Kh8 17. Bxc8 Rxf4 18. Bxb7 Nd4 19. Qd2 Ng6 20. c3 Ne6 21.
Bc8 Ng5 22. Bf5 Rxf1+ 23. Rxf1 Ne7 24. Be6 Ng6 25. Bf7 Ne5 26. Bd5 Qg3 27. Rf8+
Kh7 28. Bg8+ Kg6 29. Rd8 Nef3+ 30. Kf1 Nxd2+ {White resigns} 0-1

[Event "Team 45 45 League T38"]
[Site "Internet Chess Club"]
[Date "2008.08.15"]
[Round "4"]
[White "jocooper"]
[Black "furrbrain"]
[Result "1/2-1/2"]
[WhiteElo "1181"]
[BlackElo "1197"]
[Opening "Nimzo-Indian defense"]
[ECO "E20"]
[Time "21:00:07"]
[TimeControl "2700+45"]

1. d4 e6 2. c4 Bb4+ 3. Nc3 Nf6 4. Bd2 c5 5. e3 d6 6. a3 cxd4 7. exd4 Bxc3 8.
bxc3 O-O 9. Nf3 b6 10. Be2 Bb7 11. O-O d5 12. Ne5 Nbd7 13. Bf3 Nxe5 14. dxe5 Ne4
15. Bxe4 dxe4 16. Rb1 Qe7 17. Rb3 Rad8 18. Qe2 Qc5 19. Bf4 e3 20. Kh1 Rd2 21.
Bxe3 Rxe2 22. Bxc5 Rd8 23. Bd4 Ba6 24. Rb4 h5 25. Ra4 Bb7 26. Rxa7 Be4 27. Ra6
Bd3 28. Rxb6 Rd2 29. Rg1 Bxc4 30. Rc6 Bd5 31. Rd6 Rb8 32. Rb6 Ra8 33. Bc5 h4 34.
h3 g5 35. Re1 Rc2 36. Be3 Rxa3 37. Bd4 Kg7 38. Rbb1 Kg6 39. Rbc1 Raa2 40. Rxc2
Rxc2 41. Kg1 Kf5 42. Rb1 g4 43. Kh2 g3+ 44. Kg1 Be4 45. f3 Bd3 46. Rd1 Bc4 47.
Re1 {Game drawn by mutual agreement} 1/2-1/2

[Event "Team 45 45 League T38"]
[Site "Internet Chess Club"]
[Date "2008.08.14"]
[Round "4"]
[White "PsyMar"]
[Black "Renato77"]
[Result "1-0"]
[WhiteElo "1131"]
[BlackElo "1142"]
[Opening "Queen's pawn game"]
[ECO "D00"]
[Time "14:00:15"]
[TimeControl "2700+45"]

1. d4 Nf6 2. Nc3 d5 3. g3 Nc6 4. Bg2 Be6 5. e4 Qd7 6. e5 Ne4 7. Nxe4 Bf5 8. Nc5
Qc8 9. Bxd5 e6 10. Be4 Bxc5 11. Bxc6+ bxc6 12. dxc5 O-O 13. Qf3 Qa6 14. Qe2 Qa5+
15. c3 Qxc5 16. Be3 Qxe5 17. O-O-O Qe4 18. Bc5 Qb1+ 19. Kd2 Rfd8+ 20. Bd4 Qxb2+
21. Ke1 Bc2 22. Qe5 Qxc3+ 23. Bxc3 Rxd1+ 24. Ke2 Rd2+ 25. Kxd2 Kf8 26. Kxc2 Ke7
27. Qxc7+ Kf8 28. Qd6+ Kg8 29. Qe5 Kf8 30. Qxg7+ Ke7 31. Bb4+ Kd7 32. Qxf7+ Kc8
33. Qxe6+ Kb7 34. Qd7+ Kb6 35. Nf3 Rf8 36. Bxf8 a5 37. Rb1+ Ka6 38. Qb7# {Black
checkmated} 1-0

[Event "Team 45 45 League T38"]
[Site "Internet Chess Club"]
[Date "2008.08.16"]
[Round "4"]
[White "WannaB"]
[Black "rj115225"]
[Result "1-0"]
[WhiteElo "1039"]
[BlackElo "944"]
[Opening "King's pawn game"]
[ECO "C50"]
[Time "21:00:22"]
[TimeControl "2700+45"]

1. e4 e5 2. Nf3 Nc6 3. Bc4 Bb4 4. c3 Bc5 5. O-O Nf6 6. d3 Ng4 7. Bxf7+ Kxf7 8.
Ng5+ Kf6 9. Qxg4 d6 10. Qf3+ Ke7 11. Nf7 Qe8 12. Nxh8 Qxh8 13. b4 Bb6 14. Bg5+
Ke6 15. Qf5# {Black checkmated} 1-0

[Event "Team 45 45 League T38"]
[Site "Internet Chess Club"]
[Date "2008.08.18"]
[Round "4"]
[White "Swaney"]
[Black "gagdad"]
[Result "0-1"]
[WhiteElo "1774"]
[BlackElo "1762"]
[Opening "Dutch"]
[ECO "A82"]
[Time "13:07:50"]
[TimeControl "2700+45"]

1. d4 f5 2. Nc3 Nf6 3. e4 fxe4 4. f3 Nc6 5. fxe4 e5 6. dxe5 Nxe5 7. Nf3 Bd6 8.
Nxe5 Bxe5 9. Bc4 d6 10. O-O Qe7 11. Nd5 Nxd5 12. exd5 Bd7 13. a4 O-O-O 14. a5 h5
15. Ra3 h4 16. Qd3 g5 17. Be3 Kb8 18. Rb3 Bxh2+ 19. Kxh2 Qe5+ 20. Kg1 h3 21. Bd4
Qe7 22. Bxh8 Rxh8 23. Qd4 Qh7 24. g3 h2+ 25. Kh1 Bf5 26. Rf4 gxf4 27. Bd3 Bxd3
28. Rxd3 Qh3 29. Rf3 fxg3 30. Qd2 g2+ 31. Qxg2 Qxg2+ {White resigns} 0-1

In line with the dTD's ruling I am posting the game as -/+

Budzo 

sec TD

[Event "Team 45 45 League T38"]
[Site "Internet Chess Club"]
[Date "2008.08.14"]
[Round "4"]
[White "smsxman"]
[Black "okun"]
[Result "0-1"]
[WhiteElo "1525"]
[BlackElo "1591"]
[Opening "Pirc: classical (two knights) system"]
[ECO "B08"]
[Time "13:02:20"]
[TimeControl "2700+45"]

1. e4 d6 2. d4 Nf6 3. Nc3 g6 4. Nf3 Bg7 5. Bc4 O-O 6. O-O Nxe4 7. Ng5 Nxg5 8.
Bxg5 Nc6 9. d5 Ne5 10. Bb3 h6 11. Bh4 c6 12. Re1 g5 13. Bg3 Bg4 14. Qd2 cxd5 15.
Bxd5 e6 16. Bxb7 Rb8 17. Ba6 Rxb2 18. h3 Bf5 19. Nb5 Nc4 20. Qd1 Rxc2 21. Rc1
Nb2 22. Qxd6 Qxd6 23. Nxd6 Rxc1 24. Rxc1 Bg6 25. Rc7 f5 26. Rxa7 f4 27. Bh2 Rd8
28. g3 Rxd6 29. gxf4 Rd1+ 30. Kg2 Be4+ 31. Kg3 gxf4+ 32. Kxf4 Rd4 33. Ke3 Ra4
34. Rxg7+ Kxg7 35. Be5+ Kg6 36. Bxb2 Rxa6 37. Kxe4 Rxa2 38. Bd4 Ra4 39. Ke5 h5
40. Be3 Kf7 41. Bg5 Ra5+ 42. Kf4 Rf5+ {White resigns} 0-1

[Event "Team 45 45 League T38"]
[Site "Internet Chess Club"]
[Date "2008.08.18"]
[Round "4"]
[White "Pranav1"]
[Black "Mutaant"]
[Result "1-0"]
[WhiteElo "1543"]
[BlackElo "1404"]
[Opening "Three knights game"]
[ECO "C46"]
[Time "18:00:34"]
[TimeControl "2700+45"]

1. e4 e5 2. Nf3 Nc6 3. Nc3 Bc5 4. Bc4 Nge7 5. d3 h6 6. Be3 Bxe3 7. fxe3 d6 8.
Qe2 a6 9. d4 Bg4 10. Qf2 f6 11. O-O-O b5 12. Bb3 Na5 13. Bd5 c6 14. Bb3 Nxb3+
15. axb3 Qb6 16. dxe5 dxe5 17. Rhf1 O-O 18. h3 Be6 19. g4 a5 20. Rg1 g5 21. h4
Kg7 22. hxg5 hxg5 23. Nd2 b4 24. Na4 Qa7 25. Qg3 c5 26. Rh1 Qc7 27. Rh3 Ng6 28.
Rdh1 Rh8 29. Qh2 Bxg4 30. Rh7+ Rxh7 31. Qxh7+ Kf8 32. Qxc7 {Black resigns} 1-0

[Event "Team 45 45 League T38"]
[Site "Internet Chess Club"]
[Date "2008.08.17"]
[Round "4"]
[White "nanning"]
[Black "Razorbackchess"]
[Result "0-1"]
[WhiteElo "1530"]
[BlackElo "1781"]
[Opening "King's Indian: Petrosian system, main line"]
[ECO "E93"]
[Time "10:00:17"]
[TimeControl "2700+45"]

1. d4 Nf6 2. c4 g6 3. Nc3 Bg7 4. e4 d6 5. Nf3 O-O 6. Be2 e5 7. d5 Nbd7 8. b4 a5
9. b5 b6 10. Bg5 h6 11. Bh4 Nc5 12. Nd2 Qe8 13. O-O Nh7 14. f3 f5 15. exf5 gxf5
16. Rc1 Nf6 17. Bxf6 Bxf6 18. Kh1 Kh8 19. Qc2 Rg8 20. Rg1 Bg5 21. Rce1 Be3 22.
Rgf1 Qh5 23. Nd1 Bf4 {White resigns} 0-1

[Event "Team 45 45 League T38"]
[Site "Internet Chess Club"]
[Date "2008.08.16"]
[Round "4"]
[White "Pilgrim"]
[Black "peterdiplaros"]
[Result "1-0"]
[WhiteElo "1550"]
[BlackElo "1387"]
[Opening "Sicilian: dragon, Levenfish variation"]
[ECO "B71"]
[Time "14:49:11"]
[TimeControl "2700+45"]

1. e4 c5 2. Nf3 d6 3. d4 cxd4 4. Nxd4 Nf6 5. Nc3 g6 6. f4 e5 7. Ndb5 a6 8. fxe5
Nxe4 9. Nxe4 axb5 10. Bxb5+ Nc6 11. Nf6+ {Black resigns} 1-0

[Event "Team 45 45 League T38"]
[Site "Internet Chess Club"]
[Date "2008.08.18"]
[Round "4"]
[White "kingphisch"]
[Black "BarryNL"]
[Result "1/2-1/2"]
[WhiteElo "1449"]
[BlackElo "1532"]
[Opening "Sicilian: closed"]
[ECO "B23"]
[Time "14:01:53"]
[TimeControl "2700+45"]

1. e4 c5 2. Nc3 d6 3. f4 Nc6 4. Nf3 g6 5. Bb5 Bg7 6. d3 Bd7 7. O-O Nf6 8. Bxc6
bxc6 9. Qe1 O-O 10. Qh4 h6 11. f5 h5 12. Qe1 e6 13. fxg6 fxg6 14. Bg5 e5 15. Nh4
Qe8 16. Qg3 Kh7 17. h3 Qe6 18. Nxg6 Kxg6 19. Bxf6+ Kf7 20. Qxg7+ Ke8 21. Qg6+
Qf7 22. Qxf7+ Rxf7 23. Rf3 Be6 24. Raf1 Rb8 25. b3 Kd7 26. Rg3 Rbf8 27. Rg7 Rxg7
28. Bxg7 Rg8 29. Bh6 Bxh3 30. Rf7+ Ke8 31. Rf8+ Rxf8 32. Bxf8 Kxf8 33. gxh3 Kg7
34. Kg2 Kg6 35. Kg3 Kg5 36. h4+ Kg6 37. Ne2 {Game drawn by mutual agreement}
1/2-1/2

[Event "Team 45 45 League T38"]
[Site "Internet Chess Club"]
[Date "2008.08.18"]
[Round "4"]
[White "Visin"]
[Black "supraholic"]
[Result "1-0"]
[WhiteElo "1303"]
[BlackElo "1273"]
[Opening "Scotch: Lolli variation"]
[ECO "C44"]
[Time "15:20:05"]
[TimeControl "2700+45"]

1. e4 e5 2. Nf3 Nc6 3. d4 Nxd4 4. Nxd4 exd4 5. Qxd4 b6 6. Nc3 Bb7 7. Bd3 Bb4 8.
Qxb4 Ne7 9. O-O O-O 10. Bg5 c5 11. Qb3 h6 12. Bxe7 Qxe7 13. Nd5 Qg5 14. Rad1 f5
15. Nc7+ Kh8 16. Nxa8 Bxa8 17. g3 fxe4 18. Bc4 {Black resigns} 1-0

[Event "Team 45 45 League T38"]
[Site "Internet Chess Club"]
[Date "2008.08.15"]
[Round "4"]
[White "rpgrossman"]
[Black "CoasterBrake"]
[Result "0-1"]
[WhiteElo "1041"]
[BlackElo "1229"]
[Opening "English opening"]
[ECO "A05"]
[Time "15:31:33"]
[TimeControl "2700+45"]

1. Nf3 Nf6 2. c4 b6 3. d4 d5 4. e3 Bb7 5. Be2 Nc6 6. Nc3 e6 7. O-O Bd6 8. g3 e5
9. cxd5 Qd7 10. dxc6 Bxc6 11. Nxe5 Qh3 12. Bf3 Bxe5 13. Bxc6+ Ke7 14. dxe5 Ng4
15. Qd7+ Kf8 16. Qxg4 Qxg4 17. Bxa8 Qe6 18. Rd1 Ke8 19. Nb5 Qxe5 20. Bc6+ Ke7
21. Rd7+ Kf6 22. f4 Qe6 23. Nxc7 Qxc6 24. Rd2 Qxc7 25. b3 Re8 26. Bb2+ Kg6 27.
Be5 Qc5 28. Kf2 f6 29. Bd4 Qd5 30. Rad1 Qe4 31. Rd3 Rc8 32. Rc3 Rxc3 33. Bxc3
Qc2+ 34. Rd2 Qxc3 35. Ke2 Kf5 36. Rd3 Qa1 37. a4 Qa2+ 38. Rd2 Qxb3 39. Rd3 Qxa4
40. Rd5+ Kg6 41. Rd4 Qb5+ 42. Kf3 Qf1+ 43. Kg4 h5+ 44. Kh4 Qg2 45. h3 a5 46. e4
Qf3 47. e5 fxe5 48. fxe5 Qf5 49. Rd6+ Kh7 50. e6 Qf6+ 51. Kxh5 Qg6+ 52. Kh4 Qe4+
53. Kg5 Qe5+ 54. Kg4 Qxd6 55. Kf5 Qe7 56. h4 a4 57. g4 a3 58. g5 g6+ 59. Kg4 a2
60. h5 Qxe6+ {White resigns} 0-1

[Event "Team 45 45 League T38"]
[Site "Internet Chess Club"]
[Date "2008.08.17"]
[Round "4"]
[White "jjaillet2007"]
[Black "KingsGrace"]
[Result "1-0"]
[WhiteElo "1246"]
[BlackElo "1267"]
[Opening "Old Indian defense"]
[ECO "A53"]
[Time "20:57:33"]
[TimeControl "2700+45"]

1. d4 Nf6 2. c4 d6 3. Nc3 e6 4. Bg5 b6 5. e3 Ba6 6. Qa4+ c6 7. Nf3 Qc8 8. Bd3
Nh5 9. O-O f6 10. Bh4 Be7 11. Qc2 Kd7 12. g4 g6 13. gxh5 gxh5 14. Ne4 Qg8+ 15.
Ng3 Bb7 16. d5 Qf7 17. Nd4 Rg8 18. dxe6+ Qxe6 19. Nxe6 f5 20. Bxe7 Kxe7 21. Nc7
h4 22. Nxa8 hxg3 23. fxg3 {Black resigns} 1-0

[Event "Team 45 45 League T38"]
[Site "Internet Chess Club"]
[Date "2008.08.16"]
[Round "4"]
[White "Skyler"]
[Black "DrOMM"]
[Result "1-0"]
[WhiteElo "1432"]
[BlackElo "1307"]
[Opening "Old Benoni defense"]
[ECO "A43"]
[Time "15:00:15"]
[TimeControl "2700+45"]

1. d4 c5 2. c3 cxd4 3. cxd4 d5 4. Nf3 Nc6 5. Bf4 Nf6 6. e3 Bf5 7. Nc3 a6 8. Be2
h6 9. h3 Ne4 10. Qb3 Nxc3 11. bxc3 b5 12. a4 e6 13. axb5 axb5 14. Rxa8 Qxa8 15.
Bxb5 Qa1+ 16. Qd1 Qxc3+ 17. Nd2 Bd3 18. Bxd3 Qxd3 19. Qe2 Qc2 20. O-O Bb4 21.
Rd1 O-O 22. Kf1 Ra8 23. Nf3 Qc3 24. Qd2 Qc4+ 25. Qe2 Ra2 26. Qxc4 dxc4 27. Rc1
c3 28. Ne1 Ba5 29. Rc2 Rxc2 30. Nxc2 Nb4 31. Nxb4 Bxb4 32. Ke2 c2 33. e4 c1=Q
34. Bxc1 g5 35. Bd2 Bxd2 36. Kxd2 Kg7 37. Ke3 Kf6 38. g4 Ke7 39. e5 f6 40. f4
fxe5 41. dxe5 gxf4+ 42. Kxf4 Kf7 43. g5 hxg5+ 44. Kxg5 Kg7 45. h4 Kf7 46. h5 Kg7
47. h6+ Kf7 48. h7 Kg7 49. h8=Q+ Kxh8 50. Kf6 Kg8 51. Kxe6 Kf8 52. Kd7 Kf7 53.
e6+ Kf8 54. e7+ Kf7 55. e8=Q+ Kg7 56. Qe6 Kh8 57. Qg4 Kh7 58. Ke7 Kh8 59. Kf7
Kh7 60. Qh4# {Black checkmated} 1-0

[Event "Team 45 45 League T38"]
[Site "Internet Chess Club"]
[Date "2008.08.17"]
[Round "4"]
[White "joaoazm"]
[Black "Duck-Man"]
[Result "0-1"]
[WhiteElo "1194"]
[BlackElo "1236"]
[Opening "French: advance, Paulsen attack"]
[ECO "C02"]
[Time "21:41:23"]
[TimeControl "2700+45"]

1. e4 e6 2. d4 d5 3. e5 c5 4. c3 Nc6 5. Nf3 Qb6 6. Qb3 Nh6 7. Qxb6 axb6 8. Bxh6
gxh6 9. Bb5 Bd7 10. Bxc6 bxc6 11. O-O Bg7 12. Nbd2 cxd4 13. cxd4 c5 14. Rfe1 O-O
15. a4 Bxa4 16. b3 Bc6 17. Rxa8 Rxa8 18. g3 Bf8 19. Rc1 Be7 20. b4 c4 21. Rb1 b5
22. Ne1 Ra2 23. Nf1 c3 24. Ne3 Rb2 25. Rc1 Bxb4 26. N1c2 Be7 27. Nd1 Ra2 28.
Nxc3 Ra8 29. f4 b4 30. Nb1 Ba4 31. Nd2 b3 32. Nxb3 Bxb3 33. Ra1 Rxa1+ 34. Nxa1
Bc4 35. Nc2 Bd8 36. Kf2 Bb6 37. Ke3 Bb3 38. Ne1 Kg7 39. Nf3 Bd1 40. Nd2 Kg6 41.
h3 h5 42. h4 Kf5 43. Nf1 Bc2 44. Kd2 Be4 45. Ne3+ Kg6 46. Kc3 Ba5+ 47. Kb3 Be1
48. f5+ Bxf5 49. Nxf5 Kxf5 50. Kc2 Bxg3 51. Kd3 Bxh4 52. Ke2 Bg5 53. Kf3 h4 54.
Kg2 Kg4 55. Kh2 Be3 56. Kh1 Bxd4 57. Kg2 Bxe5 58. Kh1 d4 59. Kg2 d3 60. Kh1 d2
61. Kg2 d1=Q 62. Kf2 Bg3+ 63. Kg2 h3# {White checkmated} 0-1

[Event "Team 45 45 League T38"]
[Site "Internet Chess Club"]
[Date "2008.08.17"]
[Round "4"]
[White "bowwrestler"]
[Black "MeansToAnEnd"]
[Result "0-1"]
[WhiteElo "954"]
[BlackElo "1122"]
[Opening "Sicilian"]
[ECO "B54"]
[Time "15:01:10"]
[TimeControl "2700+45"]

1. e4 c5 2. Nf3 d6 3. d4 cxd4 4. Nxd4 Nc6 5. Nc3 Nxd4 6. Qxd4 e5 7. Qd3 Nf6 8.
Bg5 Be7 9. Qd2 h6 10. Be3 O-O 11. Bc4 Ng4 12. h3 Nxe3 13. Qxe3 Be6 14. Bxe6 fxe6
15. O-O Bg5 16. Qd3 a6 17. Rad1 Be7 18. b4 b5 19. a3 Rc8 20. Ne2 Qc7 21. Rd2 Qc4
22. Qxc4 Rxc4 23. Ng3 Bh4 24. Rxd6 Bxg3 25. fxg3 Rxf1+ 26. Kxf1 Rxe4 27. Rxe6
Kf7 28. Rxa6 Re3 29. Kf2 Rc3 30. Rb6 Rxc2+ 31. Kf3 Rc3+ 32. Kf2 Rxa3 33. Rxb5
Ra2+ 34. Kf3 Kf6 35. Rc5 Ra3+ 36. Kf2 Ra2+ 37. Kf3 g5 38. Ra5 Rb2 39. b5 Rb3+
40. Kf2 Kf5 41. g4+ Kf4 42. Ra4+ e4 43. Ra5 e3+ 44. Ke2 Rb2+ 45. Ke1 e2 46. b6
Rb1+ 47. Kd2 e1=Q+ 48. Kd3 Qxa5 49. b7 Qa3+ 50. Kd4 Rb4+ 51. Kc5 Rxb7+ 52. Kd5
Qd3+ 53. Ke6 Rb6+ 54. Ke7 Qd6+ 55. Ke8 Rb7 56. g3+ Kxg3 57. h4 Qb8# {White
checkmated} 0-1

[Event "Team 45 45 League T38"]
[Site "Internet Chess Club"]
[Date "2008.08.16"]
[Round "4"]
[White "Luckydawg"]
[Black "Juan73"]
[Result "1-0"]
[WhiteElo "1752"]
[BlackElo "1599"]
[Opening "English opening"]
[ECO "A20"]
[Time "08:26:20"]
[TimeControl "2700+45"]

1. c4 e5 2. g3 Nf6 3. Bg2 d5 4. cxd5 Nxd5 5. Nf3 Nc6 6. O-O Bg4 7. Nc3 Nf6 8. h3
Be6 9. d3 h6 10. Qa4 Qd7 11. Kh2 g5 12. Ne4 Be7 13. Be3 g4 14. Nfd2 gxh3 15.
Nxf6+ Bxf6 16. Bh1 Nd4 17. Qxd7+ Kxd7 18. Ne4 Be7 19. Bxd4 exd4 20. a3 f5 21.
Nd2 f4 22. gxf4 Rae8 23. e4 dxe3 24. fxe3 Bg4 25. Bf3 h5 26. Nc4 Bf6 27. d4 b5
28. Ne5+ Bxe5 29. dxe5 Ke6 30. Rac1 Rh7 31. b4 Rd7 32. Rc2 Red8 33. Kg3 Rd2 34.
Rxd2 Rxd2 35. Bxg4+ hxg4 36. Kxg4 Rd3 37. Rh1 Rxe3 38. Rxh3 Re1 39. Rh6+ Ke7 40.
Ra6 Rg1+ 41. Kf5 Rh1 42. Rxa7 Kd7 43. Ra6 Rh5+ 44. Ke4 Rh1 45. f5 Re1+ 46. Kd5
c6+ 47. Kd4 Rd1+ 48. Kc5 Rd5+ 49. Kb6 Rxe5 50. Ra7+ Kd8 51. f6 c5 52. f7 Rf5 53.
bxc5 Rf6+ 54. c6 Rf5 55. f8=Q+ Rxf8 56. Ra8+ {Black resigns} 1-0

[Event "Team 45 45 League T38"]
[Site "Internet Chess Club"]
[Date "2008.08.16"]
[Round "4"]
[White "lmadueno"]
[Black "bmw2002"]
[Result "1-0"]
[WhiteElo "1559"]
[BlackElo "1574"]
[Opening "French: exchange variation"]
[ECO "C01"]
[Time "21:06:06"]
[TimeControl "2700+45"]

1. e4 e6 2. d4 d5 3. exd5 exd5 4. Nf3 Nf6 5. Nc3 c5 6. Bb5+ Bd7 7. Bxd7+ Qxd7 8.
O-O cxd4 9. Re1+ Be7 10. Qxd4 Nc6 11. Qh4 Ne4 12. Nxe4 dxe4 13. Qxe4 O-O 14. Bg5
f6 15. Rad1 Qc7 16. Bf4 Qa5 17. Qe6+ Kh8 18. Bd2 Qh5 19. Qd7 Rab8 20. Rxe7 Rbd8
21. Qxb7 Ne5 22. Rxe5 fxe5 23. Re1 Rf7 24. Qe4 Re7 25. Bg5 Rd4 26. Nxd4 Qxg5 27.
Nf3 Qf6 28. Qa8+ {Black resigns} 1-0

[Event "Team 45 45 League T38"]
[Site "Internet Chess Club"]
[Date "2008.08.14"]
[Round "4"]
[White "AlPearson"]
[Black "Shereshevsky"]
[Result "0-1"]
[WhiteElo "1467"]
[BlackElo "1622"]
[Opening "English, 1...Nf6 (Anglo-Indian defense)"]
[ECO "A15"]
[Time "20:33:42"]
[TimeControl "2700+45"]

1. c4 Nf6 2. g3 g6 3. Bg2 Bg7 4. Nc3 O-O 5. Nf3 d6 6. O-O e5 7. d3 Nc6 8. Rb1 a5
9. a3 Nd7 10. Qc2 Nd4 11. Nxd4 exd4 12. Nb5 Nc5 13. b4 Ne6 14. Bb2 c6 15. Nxd4
Nxd4 16. bxa5 Nxc2 {White resigns} 0-1

[Event "Team 45 45 League T38"]
[Site "Internet Chess Club"]
[Date "2008.08.17"]
[Round "4"]
[White "PANAMA-REY"]
[Black "Zyme"]
[Result "0-1"]
[WhiteElo "1396"]
[BlackElo "1449"]
[Opening "French defense"]
[ECO "C00"]
[Time "10:02:29"]
[TimeControl "2700+45"]

1. e4 e6 2. Nc3 d5 3. exd5 exd5 4. d4 c6 5. Nf3 Bd6 6. Be2 Ne7 7. Bg5 f6 8. Be3
Bf5 9. O-O O-O 10. h3 Nd7 11. Nh2 Qc7 12. f4 Ng6 13. Qd2 Rfe8 14. Bg4 Bxg4 15.
Nxg4 Re7 16. f5 Ngf8 17. Bf4 Rae8 18. Bxd6 Qxd6 19. Qf2 Nb6 20. Rae1 Nfd7 21.
Na4 Nxa4 22. c3 Rxe1 23. Rxe1 Rxe1+ 24. Qxe1 Nxb2 25. Qe8+ Nf8 26. Qa8 Nd3 27.
Qxb7 Qd7 28. Qb1 Qxf5 29. Kh2 Qf4+ 30. Kg1 Qd2 31. Kh2 h5 32. Nf2 Nxf2 {White
resigns} 0-1

[Event "Team 45 45 League T38"]
[Site "Internet Chess Club"]
[Date "2008.08.16"]
[Round "4"]
[White "tourettes"]
[Black "jacknor"]
[Result "1-0"]
[WhiteElo "1693"]
[BlackElo "1606"]
[Opening "Scandinavian defense"]
[ECO "B01"]
[Time "13:01:32"]
[TimeControl "2700+45"]

1. e4 d5 2. exd5 Nf6 3. Bb5+ Bd7 4. Bc4 Bg4 5. Nf3 Nbd7 6. O-O Nb6 7. Be2 Nbxd5
8. d4 e6 9. c4 Nb6 10. b3 Be7 11. h3 Bh5 12. Bf4 O-O 13. Nc3 c5 14. dxc5 Bxc5
15. Qxd8 Raxd8 16. Bg5 Be7 17. Rad1 Nbd7 18. Bf4 Nc5 19. Be3 a6 20. g4 Bg6 21.
Ne5 Ncd7 22. Nxg6 hxg6 23. Bf3 b6 24. Bg2 Bc5 25. Rd2 Bxe3 26. fxe3 Nc5 27. Rfd1
Rxd2 28. Rxd2 Rb8 29. g5 Ne8 30. b4 Nb7 31. Ne4 Rd8 32. Rd4 e5 33. Rxd8 Nxd8 34.
c5 bxc5 35. Nxc5 Nc7 36. Nd7 a5 37. bxa5 Nb5 38. a6 Ne6 39. h4 Nec7 40. Nxe5 f6
41. gxf6 gxf6 42. Nxg6 Nxa6 43. Bf1 Nac7 44. a4 Nd6 45. Bd3 Kg7 46. a5 Nc8 47.
Kf2 Nd5 48. Bf5 Na7 49. Be4 Nc3 50. Bf5 Ncb5 51. Nf4 Nd6 52. Bd3 Nb7 53. a6 Nc5
54. Bf1 Ne4+ 55. Kg2 Nd6 56. Bd3 Nf7 57. Nh5+ Kh6 58. Nxf6 Ne5 59. Be2 Kg6 60.
Ng4 Nf7 61. e4 Nc6 62. Bb5 Na7 63. Be8 Kg7 64. Bxf7 Kxf7 65. Kg3 Kg6 66. Kf4 Nc6
67. e5 Kf7 68. h5 Na7 69. Kf5 {Black resigns} 1-0

[Event "Team 45 45 League T38"]
[Site "Internet Chess Club"]
[Date "2008.08.18"]
[Round "4"]
[White "mongmong"]
[Black "polsigns"]
[Result "0-1"]
[WhiteElo "1626"]
[BlackElo "1546"]
[Opening "Colle system"]
[ECO "D05"]
[Time "05:33:02"]
[TimeControl "2700+45"]

1. d4 d5 2. Nf3 e6 3. e3 Nf6 4. Bd3 c5 5. c3 Nc6 6. Nbd2 c4 7. Bc2 Bd6 8. O-O
Qc7 9. e4 dxe4 10. Nxe4 Nxe4 11. Bxe4 O-O 12. Qe2 Ne7 13. h3 Nd5 14. Bd2 Bd7 15.
Rae1 f6 16. Bc1 Rae8 17. Bb1 b5 18. Nd2 f5 19. Nf3 Rf6 20. Ne5 Bxe5 21. Qxe5 Qc6
22. Bf4 Rg6 23. Qd6 Nxf4 24. Qxf4 Qxg2# {White checkmated} 0-1

[Event "Team 45 45 League T38"]
[Site "Internet Chess Club"]
[Date "2008.08.14"]
[Round "4"]
[White "Fogbound"]
[Black "quotha"]
[Result "0-1"]
[WhiteElo "1299"]
[BlackElo "1648"]
[Opening "Philidor's defense"]
[ECO "C41"]
[Time "14:50:37"]
[TimeControl "2700+45"]

1. e4 e5 2. Nf3 d6 3. Bc4 Be7 4. Nc3 Nf6 5. d3 O-O 6. Bg5 c6 7. h3 a5 8. a3 b5
9. Ba2 Na6 10. Be3 Be6 11. Bxe6 fxe6 12. Ng5 Qd7 13. Qd2 Rab8 14. Ne2 d5 15.
Qxa5 Nc5 16. O-O Ra8 17. Qd2 d4 18. Bf4 exf4 19. Nxf4 e5 20. Ne2 Ne6 21. Nf3 Bd6
22. Ng3 Rae8 23. Nf5 Nf4 24. Nxd6 Qxd6 25. Qb4 Qd7 26. Ng5 h6 27. Qb3+ Kh8 28.
Nf3 Nxh3+ 29. Kh1 Qg4 30. Nh2 Nxf2+ 31. Rxf2 Qh4 32. Qb4 Qxf2 33. Rf1 Qh4 34.
Rf3 Ng4 35. Rxf8+ Kh7 36. Kg1 Qxh2+ 37. Kf1 Ne3+ 38. Ke2 Rxf8 39. Qxf8 Qg1 40.
Qf5+ Nxf5 41. Kd2 {White resigns} 0-1